 Dungeon Crawl Stone Soup version 0.17-a0-4-gb793c6d (webtiles) character file.

13490 Chiseanne the Thaumaturge (level 11, -8/70 (71) HPs)
             Began as a High Elf Necromancer on Mar 4, 2015.
             Was an Initiate of Gozag.
             Mangled by a minotaur
             ... wielding a +4 rod of the swarm (2/12)
              (20 damage)
             ... in a labyrinth.
             The game lasted 01:32:07 (17754 turns).

Chiseanne the Thaumaturge (High Elf Necromancer)   Turns: 17754, Time: 01:32:07

HP:   -8/70 (71)    AC: 18    Str:  7    XL:     11   Next: 76%
MP:   27/43         EV: 20    Int: 25    God:    Gozag
Gold: 46            SH:  0    Dex: 17    Spells: 8 memorised, 11 levels left

rFire  . . .     SeeInvis .     a - +4 flail (protect)
rCold  . . .     Clarity  +     t - +0 robe
rNeg   . . .     SustAb   .     (no shield)
rPois  .         Gourm    .     q - +2 helmet {Int+3}
rElec  .         Spirit   .     Y - +2 cloak {MR+}
rCorr  .         Warding  .     p - +0 pair of gloves
rMut   .         Stasis   .     (no boots)
MR     ++...                    F - amulet of clarity
Stlth  ++........               r - +4 ring of protection
                                k - ring of magical power

@: regenerating, very resistant to hostile enchantments, unstealthy
A: no striking features
a: Potion Petition, Call Merchant, Bribe Branch, Renounce Religion


You were in a labyrinth.
You worshipped Gozag.
Gozag was noncommittal.
You were not hungry.

You visited 3 branches of the dungeon, and saw 15 of its levels.
You also visited: Labyrinth.

You collected 2208 gold pieces.
You spent 2056 gold pieces at shops.
You paid 106 gold pieces to Gozag.

Inventory:

Hand weapons
 a - a +4 flail of protection (weapon)
 d - a +3 quarterstaff of chaos
 s - the +3 whip of Rotation {flame, Noisy +Fly rElec rF+ Dex+3}
   (You found it on level 7 of the Dungeon)

   It has been specially enchanted to burn those struck by it, causing extra
   injury to most foes and up to half again as much damage against particularly
   susceptible opponents.
   It affects your dexterity (+3).
   It protects you from fire.
   It insulates you from electricity.
   It lets you fly.
   It may make noises in combat.
 w - a +0 blowgun
Missiles
 y - 6 silver tomahawks (quivered)
 R - 4 javelins
Armour
 b - a +0 shield
 p - a +0 pair of gloves (worn)
 q - a +2 helmet of intelligence (worn)
 t - a +0 robe (worn)
 Y - a +2 cloak of magic resistance (worn)
Jewellery
 k - a ring of magical power (left hand)
 o - a +4 ring of intelligence
 r - a +4 ring of protection (right hand)
 F - an amulet of clarity (around neck)
 L - an uncursed ring of ice
Magical devices
 C - a wand of random effects (7)
 I - a wand of digging (8)
 U - a wand of disintegration (0)
Scrolls
 e - 9 scrolls of remove curse
 g - 2 scrolls of teleportation
 A - a scroll of fog
 D - 2 scrolls of magic mapping
 X - a scroll of fear
Potions
 h - 8 potions of agility
 i - 3 potions of heal wounds
 j - a potion of magic
 l - a potion of cancellation
 m - a potion of haste
 n - a potion of invisibility
 u - 8 potions of curing
 x - 3 potions of brilliance
 K - a potion of lignification
 M - 2 potions of restore abilities
 N - a potion of flight
Comestibles
 c - 5 bread rations
 T - 3 meat rations


   Skills:
 - Level 5.1 Fighting
 - Level 11.3 Dodging
 - Level 2.1 Stealth
 * Level 13.6 Spellcasting
 - Level 7.3 Necromancy
 * Level 3.2 Fire Magic


You had 11 spell levels left.
You knew the following spells:

 Your Spells              Type           Power        Failure   Level  Hunger
a - Pain                  Necr           ####         1%          1    None
b - Animate Skeleton      Necr           N/A          1%          1    None
c - Vampiric Draining     Necr           ######....   1%          3    None
d - Regeneration          Chrm/Necr      #####.....   1%          3    None
e - Animate Dead          Necr           N/A          1%          4    None
f - Control Undead        Necr           ######....   1%          4    None
g - Fireball              Conj/Fire      ####......   50%         5    ##.....
h - Ignite Poison         Fire/Trmt      ####......   50%         5    ##.....


Dungeon Overview and Level Annotations

Branches:
Dungeon (12/15)            Temple (1/1) D:4            Lair (2/8) D:8
    Orc (0/4) D:12

Altars:
Ashenzari
Cheibriados
Dithmenos
Elyvilon
Fedhas
Gozag
Kikubaaqudgha
Makhleb
Nemelex Xobeh
Okawaru
Qazlal
Ru
Sif Muna
Trog
Vehumet
Xom
Yredelemnul
Zin
The Shining One

Shops:
D:4 !   D:5 (   D:6 !:*}*

Portals:
Trove: D:10 (give 20 scrolls of identify)

Annotations:
D:8 Psiweapon's ghost, experienced OgHu
D:11 exclusion: cyclops, Nessos


Message History

The minotaur closely misses you. The worm barely misses you.
Casting: Vampiric Draining
Confirm with . or Enter, or press ? or * to list all spells.
Aiming: Vampiric Draining
Press: ? - help, Shift-Dir - straight line, f/p - minotaur
Aim: a minotaur, wielding a rod of the swarm and wearing a granite ring (severely wounded, poisoned, catching its breath)
The minotaur is severely wounded.
You feel life coursing into your body.
The minotaur hits you with a rod of the swarm!!
* * * LOW HITPOINT WARNING * * *
The minotaur gores you.
* * * LOW HITPOINT WARNING * * *
The worm misses you.
Drink which item? (? for menu, Esc to quit)
You feel much better.
The minotaur hits you with a rod of the swarm!
* * * LOW HITPOINT WARNING * * *
The minotaur gores you!!
You die...
Your body crumbles into a pile of gold. # # .#.# # . . .# # # # ## ##.### .# .# .. ...... . # ##. .# ###### ## # # #..#. ya#

. ..# #. # #
#H#.##### # .
#.# #@# .#
#.######w#.###.
. .# #..... ..#
...# .
#########...##
.# .. .. .....
. .#. .... . .
# ..### . #
#.## # # . # .#
# . . #. .# ##
# #...


You could see a minotaur, a worm, a wasp and a worker ant.

Vanquished Creatures
  Josephine (D:10)
  An unseen horror (D:10)
  2 hill giants (D:10)
  A manticore (D:9)
  Maurice (D:10)
  A komodo dragon (Lair:1)
  2 spiny frogs (Lair:1)
  2 centaur skeletons
  A two-headed ogre (D:10)
  2 wraiths (D:10)
  A spriggan (D:9)
  A basilisk (Lair:1)
  A shadow (Lab)
  3 hippogriffs
  Edmund (D:4)
  Menkaure (D:7)
  2 water moccasins
  7 porcupines
  4 sky beasts
  2 black bears
  2 ice beasts
  A wasp (D:9)
  6 orc warriors
  A necrophage (D:8)
  8 centaurs
  3 phantoms
  6 ogres
  Sigmund (D:4)
  6 crocodiles
  A big kobold (D:9)
  A gnoll sergeant (D:8)
  6 giant frogs
  A water moccasin skeleton (D:4)
  A scorpion (D:8)
  4 crimson imps
  3 goliath beetles
  7 killer bees
  8 hounds
  3 jellies
  A quasit (D:11)
  A giant frog zombie (D:6)
  11 orc wizards
  Crazy Yiuf (D:2)
  2 giant frog skeletons
  6 orc priests
  8 iguanas
  12 worker ants
  19 sheep
  Jessica (D:2)
  A hound zombie (D:5)
  A hound skeleton (D:6)
  9 gnolls (D:8)
  4 river rats (D:8)
  21 adders
  A giant mite (D:4)
  3 worms
  4 shadow imps
  An adder skeleton (D:9)
  5 giant geckos
  42 orcs
  3 ball pythons
  6 bats
  9 giant cockroaches
  3 goblins
  13 hobgoblins
  12 jackals
  9 quokkas
  A giant gecko zombie (D:8)
  2 giant newts (D:7)
  12 kobolds
  20 rats
  A ballistomycete (D:9)
  A butterfly (D:9)
  4 fungi
  A plant (D:8)
357 creatures vanquished.

Vanquished Creatures (collateral kills)
  Urug (D:10)
  A wraith (D:10)
  A shadow (Lab)
  2 hungry ghosts
  A water moccasin (D:6)
  A jelly (D:10)
  A crimson imp (D:6)
  A hound zombie (D:5)
  2 adders
  A shadow imp (D:10)
  A worm (D:2)
  4 orcs (D:6)
  2 goblins
  A hobgoblin (D:10)
  2 kobolds
  A giant newt (D:4)
  3 rats
  2 fungi (D:2)
28 creatures vanquished.

Vanquished Creatures (others)
  A wasp (D:9)
  An orc priest (D:9)
  An ogre zombie (D:5)
  A worker ant zombie (D:4)
  5 adder skeletons
  A bat zombie (D:4)
  A giant cockroach zombie (D:5)
  2 giant gecko skeletons
  A giant spore (D:9)
  A goblin zombie (D:6)
  2 hobgoblin skeletons
  A hobgoblin zombie (D:5)
  2 kobold skeletons (D:2)
  4 orc zombies (D:6)
  2 rat skeletons (D:2)
  A plant (D:8)
27 creatures vanquished.

Grand Total: 412 creatures vanquished

Notes
Turn   | Place    | Note
--------------------------------------------------------------
     0 | D:1      | Chiseanne, the High Elf Necromancer, began the quest for the Orb.
     0 | D:1      | Reached XP level 1. HP: 11/11 MP: 4/4
    26 | D:1      | Learned a level 1 spell: Animate Skeleton
   296 | D:1      | Found a glowing golden altar of the Shining One.
   958 | D:2      | Found a burning altar of Makhleb.
   990 | D:2      | Reached XP level 2. HP: 7/17 MP: 6/6
  1641 | D:2      | Reached XP level 3. HP: 12/21 MP: 10/10
  1836 | D:2      | Learned a level 3 spell: Vampiric Draining
  1840 | D:2      | Learned a level 3 spell: Regeneration
  2197 | D:2      | Reached skill level 4 in Necromancy
  2361 | D:2      | Reached XP level 4. HP: 21/27 MP: 13/13
  2534 | D:2      | Noticed Jessica
  2536 | D:2      | Killed Jessica
  3102 | D:2      | Noticed Crazy Yiuf
  3111 | D:2      | Killed Crazy Yiuf
  3111 | D:2      | Reached XP level 5. HP: 31/31 MP: 16/16
  3416 | D:3      | Learned a level 4 spell: Animate Dead
  4320 | D:4      | Reached skill level 5 in Spellcasting
  4401 | D:4      | Found Eqofad's Distillery.
  4410 | D:4      | Bought a potion of poison for 14 gold pieces
  4410 | D:4      | Bought a potion of curing for 42 gold pieces
  4416 | D:4      | Noticed Sigmund
  4439 | D:4      | Killed Sigmund
  4439 | D:4      | Reached XP level 6. HP: 30/36 MP: 19/20
  4552 | D:4      | Reached skill level 5 in Necromancy
  4666 | D:4      | Noticed an ogre
  4675 | D:4      | Killed an ogre
  4835 | D:4      | Reached skill level 6 in Spellcasting
  4842 | D:4      | Noticed Edmund
  4862 | D:4      | Killed Edmund
  4862 | D:4      | Reached XP level 7. HP: 36/41 MP: 23/23
  5028 | D:4      | Found a staircase to the Ecumenical Temple.
  5045 | Temple   | Entered the Ecumenical Temple
  5365 | D:5      | Entered Level 5 of the Dungeon
  5433 | D:5      | Reached skill level 7 in Spellcasting
  5822 | D:5      | Reached XP level 8. HP: 34/46 MP: 25/25
  6163 | D:5      | Reached skill level 8 in Spellcasting
  6393 | D:5      | Found Noulov's Weapon Shop.
  6944 | D:6      | Found a sparkling altar of Nemelex Xobeh.
  7053 | D:6      | Found Ageririz's Assorted Antiques.
  7060 | D:6      | Found Clogeh's Gadget Shop.
  7081 | D:6      | Found Vuddool's Assorted Antiques.
  7120 | D:6      | Reached skill level 9 in Spellcasting
  7281 | D:6      | Found Nalolup's Book Shop.
  7293 | D:6      | Reached skill level 1 in Fighting
  7302 | D:6      | Found Ytiafrua's Distillery.
  7535 | Temple   | Became a worshipper of Gozag Ym Sagoz the Greedy
  7933 | D:7      | Reached XP level 9. HP: 54/54 MP: 28/28
  8448 | D:7      | Reached skill level 5 in Dodging
  8680 | D:7      | Got a bloodstained whip
  8681 | D:7      | Identified the +3 whip of Rotation {flame, Noisy +Fly rElec rF+ Dex+3} (You found it on level 7 of the Dungeon)
  8710 | D:7      | Noticed Menkaure
  8716 | D:7      | Killed Menkaure
  9052 | D:6      | Bought a potion of degeneration for 12 gold pieces
  9052 | D:6      | Bought a potion of agility for 48 gold pieces
  9052 | D:6      | Bought a potion of restore abilities for 60 gold pieces
  9052 | D:6      | Bought a potion of curing for 36 gold pieces
  9052 | D:6      | Bought a potion of curing for 36 gold pieces
  9052 | D:6      | Bought a potion of heal wounds for 60 gold pieces
  9052 | D:6      | Bought a potion of agility for 48 gold pieces
  9473 | D:8      | Noticed Psiweapon's ghost (experienced OgHu)
  9483 | D:7      | Learned a level 4 spell: Control Undead
 10160 | D:8      | Found a staircase to the Lair.
 10175 | D:8      | Reached XP level 10. HP: 60/64 MP: 28/29
 10732 | D:6      | Bought a glowing helmet for 139 gold pieces
 10732 | D:6      | Bought a tapered bone wand for 124 gold pieces
 10732 | D:6      | Bought a lumpy black potion for 27 gold pieces
 10732 | D:6      | Bought a scroll of remove curse for 93 gold pieces
 11141 | D:8      | Reached skill level 10 in Dodging
 11464 | D:9      | Noticed a manticore
 11468 | D:9      | Killed a manticore
 11739 | D:9      | Reached skill level 5 in Fighting
 11814 | D:9      | Reached skill level 11 in Dodging
 12120 | D:9      | Learned a level 5 spell: Fireball
 12304 | D:9      | Reached skill level 1 in Fire Magic
 12561 | D:10     | Entered Level 10 of the Dungeon
 12654 | D:10     | Noticed a hill giant
 12664 | D:10     | Killed a hill giant
 12664 | D:10     | Reached skill level 10 in Spellcasting
 12805 | D:10     | Noticed an unseen horror
 12863 | D:10     | Killed an unseen horror
 12863 | D:10     | Reached XP level 11. HP: 44/70 MP: 10/32
 12993 | D:10     | Found a shadowy altar of Dithmenos.
 13058 | D:10     | Noticed Maurice
 13097 | D:10     | Killed Maurice
 13377 | D:10     | Noticed a hill giant
 13392 | D:10     | Killed a hill giant
 13596 | D:10     | Noticed Urug
 13598 | D:10     | Noticed Josephine
 13615 | D:10     | Killed Urug
 13637 | D:10     | Killed Josephine
 13715 | D:10     | Reached skill level 12 in Spellcasting
 13993 | D:10     | Found a portal to a secret trove of treasure.
 14541 | D:6      | Bought a scroll of identify for 52 gold pieces
 14541 | D:6      | Bought a scroll of identify for 52 gold pieces
 14541 | D:6      | Bought a scroll of enchant armour for 195 gold pieces
 14541 | D:6      | Bought a potion of curing for 78 gold pieces
 14541 | D:6      | Bought a spiked helmet for 247 gold pieces
 14565 | D:6      | Identified the +1 helmet "Epiu" {+Inv rElec Dex-2} (You bought it in a shop on level 6 of the Dungeon)
 14659 | D:4      | Bought a potion of cancellation for 112 gold pieces
 14659 | D:4      | Bought a potion of invisibility for 112 gold pieces
 14659 | D:4      | Bought a potion of brilliance for 56 gold pieces
 14659 | D:4      | Bought a potion of restore abilities for 70 gold pieces
 14729 | Lair:1   | Entered Level 1 of the Lair of Beasts
 16008 | Lair:1   | Reached skill level 13 in Spellcasting
 16600 | D:6      | Bought a pair of gloves for 139 gold pieces
 16600 | D:6      | Bought a scroll of magic mapping for 108 gold pieces
 16656 | D:6      | Bought 2 potions of agility for 96 gold pieces
 16725 | Lair:1   | Learned a level 5 spell: Ignite Poison
 16775 | Lair:2   | Noticed a catoblepas
 16986 | D:11     | Noticed Nessos
 17261 | D:12     | Found a labyrinth entrance.
 17262 | D:12     | Found a staircase to the Orcish Mines.
 17265 | Lab      | Entered a labyrinth
 17743 | Lab      | Noticed a minotaur
 17753 | Lab      | HP: 1/70 [minotaur/rod of the swarm (3)]
 17754 | Lab      | Identified a +4 rod of the swarm (2/12)
 17754 | Lab      | Mangled by a minotaur

Action                   |  1- 3 |  4- 6 |  7- 9 | 10-12 || total
-------------------------+-------+-------+-------+-------++-------
Melee: Spear             |     1 |    37 |       |       ||    38
       Quarterstaff      |       |     3 |    71 |    93 ||   167
       Flail             |       |       |    21 |   163 ||   184
       Whip              |       |       |       |    16 ||    16
 Fire: Blowgun           |       |       |       |     4 ||     4
Throw: Tomahawk          |       |       |       |    25 ||    25
       Throwing net      |       |       |       |     1 ||     1
 Cast: Pain              |    55 |   112 |   312 |   351 ||   830
       Animate Skeleton  |    13 |    11 |     3 |       ||    27
       Vampiric Draining |     4 |    17 |    80 |   137 ||   238
       Animate Dead      |       |    12 |    14 |       ||    26
       Regeneration      |       |       |     7 |    22 ||    29
       Control Undead    |       |       |       |    31 ||    31
Evoke: Wand              |       |       |       |    14 ||    14
  Use: Scroll            |     4 |     3 |     7 |    12 ||    26
       Potion            |     1 |       |     2 |     2 ||     5
 Stab: Sleeping          |       |       |       |     3 ||     3
       Distracted        |       |       |       |     1 ||     1
  Eat: Chunk             |     3 |     9 |     7 |       ||    19
       Royal jelly       |     1 |       |       |       ||     1
       Pizza             |       |     1 |     1 |     1 ||     3
       Fruit             |       |       |     7 |     8 ||    15
       Beef jerky        |       |       |     1 |     1 ||     2
       Bread ration      |       |       |     1 |     4 ||     5
